 Dungeon Crawl Stone Soup version 0.22-a0-587-g7d32d7c (webtiles) character file.

466 sking99 the Ruffian (level 6, 0/47 HPs)
             Began as a Draconian Transmuter on July 4, 2018.
             Slain by Sigmund
             ... wielding a +0 scythe
              (3 damage)
             ... on level 4 of the Dungeon.
             The game lasted 00:09:02 (5042 turns).

sking99 the Ruffian (Draconian Transmuter)          Turns: 5042, Time: 00:09:03

Health: 0/47       AC:  6    Str: 12    XL:     6   Next: 81%
Magic:  10/10      EV: 12    Int: 16    God:
Gold:   176        SH:  0    Dex: 11    Spells: 8/11 levels left

rFire    . . .     SeeInvis .     - Unarmed
rCold    . . .     Gourm    .   (no shield)
rNeg     . . .     Faith    .   (armour unavailable)
rPois    .         Spirit   .   (helmet restricted)
rElec    .         Reflect  .   (no cloak)
rCorr    .         Harm     .   (no gloves)
MR       .....                  (no boots)
Stlth    +.........             (no amulet)
HPRegen  0.15/turn              p - ring of flight
MPRegen  0.12/turn              (no ring)

@: no status effects
A: unfitting armour, cold-blooded, AC +6
a: Evoke Flight


You were on level 4 of the Dungeon.
You were not hungry.

You visited 1 branch of the dungeon, and saw 4 of its levels.

You collected 176 gold pieces.

Inventory:

Missiles
 a - 16 arrows (quivered)
Jewellery
 p - a ring of flight (left hand)
Scrolls
 b - a scroll of teleportation
 e - a scroll of blinking {unknown}
 m - a scroll of remove curse
Potions
 f - 2 potions of curing
 g - a potion of agility {unknown}
 h - 2 potions of heal wounds
 i - a potion of magic {unknown}
 r - a potion of invisibility {unknown}
Comestibles
 c - 5 rations


   Skills:
 - Level 1.1 Fighting
 - Level 1.7 Dodging
 - Level 5.4 Unarmed Combat
 - Level 3.2 Spellcasting
 + Level 4.9 Transmutations


You had 8 spell levels left.
You knew the following spells:

 Your Spells              Type           Power        Failure   Level  Hunger
a - Beastly Appendage     Tmut           ###...       2%          1    None
b - Sticks to Snakes      Tmut           ###.....     3%          2    ##.....

Your spell library contained the following spells:

 Spells                   Type           Power        Failure   Level  Hunger
 Spider Form              Tmut/Pois      ##........   21%         3    ###....
 Blade Hands              Tmut           ###.......   54%         5    ######.
 Ice Form                 Ice/Tmut       ##......     54%         4    ####...


Dungeon Overview and Level Annotations

Branches:
Dungeon (4/15)
 Temple: D:4-7

Altars:

Annotations:
D:4 Sigmund


Innate Abilities, Weirdness & Mutations

Your plain brown scales are hard. (AC +6)
You cannot fit into any form of body armour.
You are cold-blooded and may be slowed by cold attacks.


Message History

You hit the worker ant.
You kill the worker ant!
You feel sick. Something hits you.
* * * LOW HITPOINT WARNING * * *
* * * LOW HITPOINT WARNING * * *
You feel sick.
You see here a worker ant corpse.
You feel better. Something hits you. Something hits you!
* * * LOW HITPOINT WARNING * * *
You miss something. You tail-slap something.
You hit something but do no damage. You claw something.
Your tail-slap misses something.
Your talons disappear.
Something hits you.
* * * LOW HITPOINT WARNING * * *
Something hits you.
* * * LOW HITPOINT WARNING * * *
Something hits you.
You die...

#^.....# #..........#
#.S# ###....#
######.###.###S.# #.####
#.# #...S..# #.#######
#.#*#.#...## #.......#
*.....#.### #.#####)#
**#####.# #..(....#
**#####**#.#
#..†.##.###......,,..#
#.##..†.@...#******######
#.#####.##### #...
#..,,...# #..# #.......#
#..# ######### #..) #.#.
#.#. #... ###.


There were no monsters in sight!

Vanquished Creatures
  Duvessa (D:4)
  An ogre (D:4)
  Dowan (D:4)
  A hound (D:4)
  An iguana (D:4)
  A worker ant (D:4)
  4 gnolls
  4 adders
  2 oozes
  2 worms (D:3)
  3 dart slugs
  5 leopard geckos
  2 orcs
  A ball python (D:3)
  7 giant cockroaches
  10 goblins
  10 hobgoblins
  12 jackals
  9 kobolds
  A quokka (D:2)
  7 bats
  7 frilled lizards
  10 rats
102 creatures vanquished.

Notes
Turn   | Place    | Note
-------+----------+-------------------------------------------
     0 | D:1      | sking99 the Draconian Transmuter began the quest for the Orb.
     0 | D:1      | Reached XP level 1. HP: 16/16 MP: 3/3
   153 | D:1      | Reached XP level 2. HP: 16/23 MP: 5/5
   396 | D:1      | Reached skill level 4 in Unarmed Combat
   725 | D:1      | Reached XP level 3. HP: 28/28 MP: 6/6
  1670 | D:2      | Reached XP level 4. HP: 35/35 MP: 7/7
  1703 | D:2      | Reached skill level 5 in Unarmed Combat
  2748 | D:3      | Learned a level 2 spell: Sticks to Snakes
  3112 | D:2      | Reached XP level 5. HP: 31/40 MP: 6/8
  4017 | D:4      | Noticed Dowan
  4044 | D:4      | Noticed Duvessa
  4253 | D:4      | Killed Duvessa
  4253 | D:4      | Reached XP level 6. HP: 17/47 MP: 4/10
  4261 | D:4      | Killed Dowan
  5023 | D:4      | Noticed Sigmund
  5042 | D:4      | Slain by Sigmund

Vault maps used:
D:1:      tarquinn_simple_flora_water_e, hangedman_feature_mirror,
          minmay_small_reverse_x
D:2:      st_stairs_7, grunt_ministairs_3, serial_park_tiny_pond,
          corexii_corridor_pit, small_statue_intersection
D:4:      first_ration, uniq_duvessa, uniq_sigmund

Skill      XL: |  1  2  3  4  5  6 |
---------------+-------------------+-----
Unarmed Combat | 4 5 |  5.4
Transmutations | 3 4 |  4.9
Spellcasting   | 3 |  3.2
Fighting       | |  1.1
Dodging        | |  1.7

Action                   |  1- 3 |  4- 6 || total
-------------------------+-------+-------++-------
Melee: Unarmed           |   153 |   282 ||   435
       Tailslap          |     9 |    17 ||    26
       Punch             |     2 |     4 ||     6
       Kick              |       |     5 ||     5
 Cast: Beastly Appendage |     1 |     2 ||     3
       Sticks to Snakes  |       |    14 ||    14
  Use: Scroll            |       |    10 ||    10
       Potion            |       |     1 ||     1
 Stab: Sleeping          |     1 |     1 ||     2
  Eat: Chunk             |     3 |    11 ||    14
Armor: Skin              |    39 |    75 ||   114
Dodge: Dodged            |   105 |   179 ||   284

Table legend:
 A = Spawn XP
 B = Non-spawn XP
 C = Spawn XP percentage of total XP
 D = Spawn monster count
 E = Non-spawn monster count
 F = Spawn count percentage of total count
 G = Total turns spent on level
                    A         B        C        D         E        F      G
               +---------+---------+-------+---------+---------+-------+---------
         Total |       0 |     667 |   0.0 |       0 |     102 |   0.0 |  5042
               +---------+---------+-------+---------+---------+-------+---------
           D:1 |       0 |      54 |   0.0 |       0 |      26 |   0.0 |  1319
           D:2 |       0 |     104 |   0.0 |       0 |      33 |   0.0 |  1441
           D:3 |       0 |      99 |   0.0 |       0 |      29 |   0.0 |  1743
           D:4 |       0 |     410 |   0.0 |       0 |      14 |   0.0 |   539
               +---------+---------+-------+---------+---------+-------+---------
